 Dungeon Crawl Stone Soup version 0.30-a0-137-gd8773701ce (webtiles) character file.

Game seed: 10831652885284709658

12159 juncz the Fighter (level 12, -9/106 HPs)
             Began as a Djinni Conjurer on Sept 22, 2022.
             Was a Priest of Ashenzari.
             Mangled by a boulder beetle (18 damage)
             ... on level 11 of the Dungeon.
             The game lasted 00:38:52 (16345 turns).

juncz the Fighter (Djinni Conjurer)                Turns: 16345, Time: 00:38:52

Health: -9/106     AC:  7    Str: 12    XL:     12   Next: 16%
Gold:   898        EV: 13    Int: 23    God:    Ashenzari [***...] SH:  0 Dex: 14

rFire   + + .      SeeInvis +    F - +6 broad axe
rCold   x . .      Faith    .    (no shield)
rNeg    . . .      Spirit   .    E - +2 robe "Share My Ordeal" {Archmagi, Self, Fort} (curse)
rPois   ∞          Reflect  .    v - +0 helmet of Ashenzari's Dogma {Self, Melee} (curse)
rElec   .          Harm     .    B - +1 cloak of the Mantic Anxiety {Will+, Self, Cun} (curse)
rCorr   .          Rampage  .    (no gloves)
Will    ++...      Archmagi +    (boots unavailable)
Stlth   ++........ Clarity  +    y - amulet of Supernal Understanding {Acrobat, Fort, Self} (curse)
HPRegen 0.27/turn                d - +6 ring of strength
MPRegen 0.00/turn                (no ring)

@: flying
A: sickness immunity, fire resistance 2, cold vulnerability 1, float, innate
caster, HP casting, extra vitality 1
a: Renounce Religion, Shatter the Chains


You were on level 11 of the Dungeon.
You worshipped Ashenzari.
Ashenzari was most pleased with you.
You visited 2 branches of the dungeon, and saw 12 of its levels.
You also visited: Bailey.

You collected 898 gold pieces.

Inventory:

Hand Weapons
 F - a +6 broad axe (weapon)
Missiles
 b - a throwing net
Armour
 a - a +0 robe
 v - the cursed +0 helmet of Ashenzari's Dogma (worn) {Self, Melee}
   (You found it on level 5 of the Dungeon)

   It has a curse which improves the following skills: Introspection: Fighting
   and Spellcasting.
   Melee Combat: Short Blades, Long Blades, Axes, Maces & Flails, Polearms,
   Staves and Unarmed Combat.
 B - the cursed +1 cloak of the Mantic Anxiety (worn) {Will+, Self, Cun}
   (You found it on level 6 of the Dungeon)

   It has a curse which improves the following skills: Introspection: Fighting
   and Spellcasting.
   Cunning:   Dodging and Stealth.
 E - the cursed +2 robe "Share My Ordeal" (worn) {Archmagi, Self, Fort}
   (You took it off Pikel on level 7 of the Dungeon)

   It has a curse which improves the following skills: Introspection: Fighting
   and Spellcasting.
   Fortitude: Armour and Shields.
 I - a scarf of resistance
Magical Staves
 J - a staff of death
Jewellery
 d - a +6 ring of strength (left hand)
 i - a ring of resist corrosion
 x - a +6 ring of strength
 y - the cursed amulet of Supernal Understanding (around neck) {Acrobat, Fort, Self}
   (You found it on level 5 of the Dungeon)

   [amulet of the acrobat]

   It increases your evasion while moving and waiting.
   It has a curse which improves the following skills: Fortitude: Armour and
   Shields.
   Introspection: Fighting and Spellcasting.
Wands
 c - a wand of digging (3)
 k - a wand of paralysis (1)
 r - a wand of light (11)
 L - a wand of polymorph (7)
Scrolls
 g - 12 scrolls of teleportation
 j - 2 scrolls of fear
 o - a scroll of blinking
 s - a scroll of silence
 t - 2 scrolls of magic mapping
 u - a scroll of poison
 w - 2 scrolls of butterflies
 D - 3 scrolls of enchant weapon
 G - 2 scrolls of enchant armour
 H - 2 scrolls of brand weapon
Potions
 e - 6 potions of mutation
 f - 6 potions of curing
 h - 4 potions of attraction
 l - 2 potions of invisibility
 m - a potion of lignification
 n - 3 potions of brilliance
 p - a potion of heal wounds
 q - a potion of cancellation
 z - a potion of experience
 A - a potion of ambrosia
 C - 3 potions of haste
 K - a potion of berserk rage
 M - a potion of resistance


   Skills:
 + Level 13.1(17.0) Fighting
 - Level 2.1(3.4) Dodging
 - Level 1.5(2.7) Stealth
 + Level 10.8(14.7) Spellcasting


You had 14 spell levels left.
You knew the following spells:

 Your Spells              Type           Power      Damage    Failure   Level
a - Magic Dart            Conj           100%       1d8       0%          1
b - Searing Ray           Conj           100%       2d8       0%          2
c - Dazzling Flash        Conj/Hex       100%       N/A       1%          3
d - Fulminant Prism       Conj/Hex       45%        3d21      1%          4
e - Iskenderun's Mystic   Conj/Tloc      91%        2d18      1%          4
f - Shock                 Conj/Air       100%       1d9       0%          1
g - Static Discharge      Conj/Air       100%       2-7/arc   0%          2
h - Wereblood             Tmut           91%        N/A       0%          2
i - Teleport Other        Tloc           91%        N/A       1%          3
j - Sticky Flame          Conj/Fire      91%        2d10      1%          4
Your spell library was empty.

Dungeon Overview and Level Annotations

Branches:
Dungeon (11/15)            Temple (1/1) D:4          Bailey (visited)
   Lair: D:8-11         Orc: D:9-12

Altars:
Ashenzari
Cheibriados
Dithmenos
Elyvilon
Fedhas
Gozag
Hepliaklqana
Makhleb
Nemelex Xobeh
Okawaru
Qazlal
Ru
Trog
Uskayaw
Wu Jian
Xom
Yredelemnul
Zin
The Shining One


Innate Abilities, Weirdness & Mutations

You are immune to sickness and miasma.
You are immune to poison.
Your flesh is very heat resistant. (rF++)
You are vulnerable to cold. (rC-)
You float through the air rather than walking.
You learn spells naturally, not from books.
Your magical power is your life essence.
You have superior vitality. (+4 MHP)


Message History

The mystic blast hits the seven-headed hydra!
The seven-headed hydra is almost dead.
The mystic blast hits the centaur!
The centaur is moderately wounded.
The centaur shoots an arrow.
The arrow barely misses you.
Casting: Iskenderun's Mystic Blast (safe; 1% risk of failure)
Confirm with . or Enter, or press ? or * to list all spells.
You feel a surge of power!
You erupt in a blast of force!
The mystic blast hits the boulder beetle.
The boulder beetle is lightly wounded.
The boulder beetle is knocked back by the mystic blast.
The boulder beetle slams into the rock wall!
The boulder beetle is moderately wounded.
The mystic blast hits the seven-headed hydra!
You kill the seven-headed hydra!
The mystic blast hits the centaur!!
You kill the centaur!
Your base Fighting skill increases to level 13!
The boulder beetle curls into a ball and begins rolling!
The boulder beetle hits you!!
* * * LOW HITPOINT WARNING * * *
The boulder beetle stops rolling and uncurls.
Casting: Iskenderun's Mystic Blast (safe; 1% risk of failure)
Confirm with . or Enter, or press ? or * to list all spells.
You feel a surge of power!
You erupt in a blast of force!
The mystic blast hits the boulder beetle but does no damage.
The boulder beetle is moderately wounded.
* * * LOW HITPOINT WARNING * * *
The boulder beetle barely misses you.
Casting: Iskenderun's Mystic Blast (safe; 1% risk of failure)
Confirm with . or Enter, or press ? or * to list all spells.
You feel a surge of power!
You erupt in a blast of force!
The mystic blast hits the boulder beetle!!
The boulder beetle is heavily wounded.
The boulder beetle is knocked back by the mystic blast.
* * * LOW HITPOINT WARNING * * *
The boulder beetle curls into a ball and begins rolling!
There is a stone staircase leading up here.
The boulder beetle hits you!!
You die...

,
.........##....#.###......
,, ......#..##...##.#
#.##### #.........?..#.#.#
#.# #.........#..##..###.#
* ##.##....°#.......##.#
#.##....°#..##...##.# ,
#.......○...#.#..##.#
#######B#...##..##.#
#@##.###..##.#
#.##.........# *
#.######..#### , #<# #..#
* * #.# #..# * * , #.#
#..# ** * #.# #..., ,, ,
#.# #.... , * * , ** #.###
* **


You could see a boulder beetle (rolling).

Vanquished Creatures
  An orc warlord (Bailey)
  A hydra (D:11)
  Erica (D:8)
  2 two-headed ogres (D:10)
  An obsidian statue (D:9)
  Pikel (D:7)
  2 manticores
  The ghost of ytrimaz the Struggler, a novice DsGl of Okawaru (D:6)
  Maggie (D:8)
  An unseen horror (D:10)
  2 kobold demonologists (D:9)
  2 trolls
  A wraith (D:7)
  2 steam dragons
  3 vampire mosquitoes (D:6)
  A water moccasin (D:6)
  13 orc warriors
  A black bear (D:5)
  An ice beast (D:7)
  A sky beast (D:7)
  2 ogres
  5 centaurs
  3 phantoms
  4 lemures (D:7)
  2 kobold brigands
  A necrophage (D:6)
  6 bullfrogs
  3 scorpions
  7 wights
  3 killer bees (D:8)
  A howler monkey (D:4)
  5 hounds
  4 orc priests
  2 jellies
  A gnoll bouda (D:4)
  2 iguanas
  3 orc wizards
  14 gnolls (Bailey)
  9 adders
  A shadow imp (D:5)
  2 white imps
  An ufetubus (D:4)
  3 worms
  9 dart slugs
  24 orcs
  5 bats
  6 endoplasms
  3 giant cockroaches
  21 goblins
  16 hobgoblins
  2 jackals (D:1)
  19 kobolds
  5 quokkas
  3 ball pythons
  3 frilled lizards
  2 rats (D:2)
  35 fulminant prisms
276 creatures vanquished.

Vanquished Creatures (others)
  56 fulminant prisms
  2 plants (D:2)
58 creatures vanquished.

Grand Total: 334 creatures vanquished

Notes
Turn   | Place    | Note
-------+----------+-------------------------------------------
     0 | D:1      | juncz the Djinni Conjurer began the quest for the Orb.
     0 | D:1      | juncz set off with the following spells memorised: Magic
                  | Dart, Searing Ray, Dazzling Flash, Fulminant Prism,
                  | Iskenderun's Mystic Blast.
     0 | D:1      | Reached XP level 1. HP: 15/15 MP: 0/0
   142 | D:1      | Reached XP level 2. HP: 19/22 MP: 0/0
   205 | D:1      | Reached skill level 1 in Fighting
   508 | D:1      | Found a faded altar of an unknown god.
   522 | D:1      | Reached XP level 3. HP: 10/27 MP: 0/0
   522 | D:1      | Learned a level 1 spell: Shock
  1547 | D:2      | Reached skill level 2 in Fighting
  1988 | D:2      | Reached XP level 4. HP: 7/33 MP: 0/0
  2630 | D:3      | Found a glowing silver altar of Zin.
  2630 | D:3      | Found a white marble altar of Elyvilon.
  2630 | D:3      | Found a glowing golden altar of the Shining One.
  3654 | D:4      | Reached XP level 5. HP: 23/40 MP: 0/0
  3654 | D:4      | Learned a level 2 spell: Static Discharge
  3655 | D:4      | Reached skill level 3 in Fighting
  3857 | D:4      | Found a staircase to the Ecumenical Temple.
  3873 | Temple   | Entered the Ecumenical Temple
  4114 | Temple   | Became a worshipper of Ashenzari the Shackled
  4372 | D:4      | Reached XP level 6. HP: 33/47 MP: 0/0
  4778 | D:4      | Reached skill level 4 in Fighting
  5275 | D:5      | Entered Level 5 of the Dungeon
  5507 | D:5      | Found an iron altar of Okawaru.
  5516 | D:5      | Reached skill level 5 in Spellcasting
  5516 | D:5      | Reached XP level 7. HP: 40/53 MP: 0/0
  5516 | D:5      | Learned a level 2 spell: Wereblood
  5760 | D:5      | Reached skill level 5 in Fighting
  6025 | D:5      | Reached XP level 8. HP: 16/61 MP: 0/0
  6601 | D:5      | Reached skill level 6 in Fighting
  7176 | D:6      | Found an iron altar of Okawaru.
  7499 | D:6      | Reached skill level 7 in Fighting
  7512 | D:6      | Noticed ytrimaz's ghost (novice DsGl)
  7514 | D:6      | Identified the +1 plate armour "Adwot" {Str+3 Dex+6}
  7515 | D:6      | Reached XP level 9. HP: 25/69 MP: 0/0
  7515 | D:6      | Learned a level 3 spell: Teleport Other
  7884 | D:6      | Found a runed translucent gate.
  7884 | D:6      | Found a runed translucent gate.
  7884 | D:6      | Found a runed translucent gate.
  8018 | D:6      | Reached skill level 8 in Fighting
  9047 | D:6      | Killed ytrimaz's ghost
  9493 | D:7      | Reached skill level 9 in Fighting
  9909 | D:7      | Reached XP level 10. HP: 40/78 MP: 0/0
 10225 | D:7      | Noticed Pikel
 10234 | D:7      | Killed Pikel
 10248 | D:7      | Reached * piety under Ashenzari
 10897 | D:8      | Reached skill level 10 in Fighting
 11366 | D:8      | Noticed Maggie
 11376 | D:8      | Killed Maggie
 11764 | D:8      | Identified the +3 scale mail of Heolebov {Will+}
 11867 | D:8      | Noticed Erica
 11873 | D:8      | Killed Erica
 12269 | D:9      | Found a flagged portal.
 12272 | D:9      | Reached ** piety under Ashenzari
 12275 | Bailey   | Entered a bailey
 12381 | Bailey   | Reached skill level 11 in Fighting
 12395 | Bailey   | Reached XP level 11. HP: 62/92 MP: 0/0
 12395 | Bailey   | Learned a level 4 spell: Sticky Flame
 13308 | Bailey   | Noticed an orc warlord
 13327 | Bailey   | Killed an orc warlord
 13763 | Bailey   | Identified the Anthology of the Necrotic Brume (You found
                  | it on level 1 of the Dungeon)
 13822 | D:9      | Noticed an obsidian statue
 14050 | D:9      | Noticed a manticore
 14060 | D:9      | Killed a manticore
 14061 | D:9      | Reached skill level 12 in Fighting
 14061 | D:9      | Reached skill level 10 in Spellcasting
 15074 | D:9      | Found a shimmering altar of Xom.
 15177 | D:9      | Killed an obsidian statue
 15587 | D:10     | Entered Level 10 of the Dungeon
 15726 | D:10     | Noticed a two-headed ogre
 15735 | D:10     | Killed a two-headed ogre
 15839 | D:10     | Noticed a two-headed ogre
 15846 | D:10     | Killed a two-headed ogre
 16081 | D:10     | Reached *** piety under Ashenzari
 16126 | D:10     | Reached XP level 12. HP: 89/105 MP: 0/0
 16322 | D:11     | Noticed a boulder beetle
 16324 | D:11     | Noticed a seven-headed hydra
 16332 | D:11     | Killed a seven-headed hydra
 16333 | D:11     | Reached skill level 13 in Fighting
 16345 | D:11     | Mangled by a boulder beetle

Illustrated notes

Levels and vault maps discovered:
D:1:      scummos_arrival_star, layout_basic,
          ebering_ecumenical_altar_sacrificial
D:2:      kennysheep_six_static_rooms, layout_rooms, serial_bayou_ford_a,
          mrwooster_statue_mirror
D:3:      layout_loops_ring, good_gods_mini_temple
D:4:      minmay_chambers_of_threes, layout_loops_corners,
          minmay_temple_entry_water_ring, nicolae_titane
D:5:      layout_basic, okawaru_trees_1
D:6:      layout_basic, biasface_ghost_orc_armoury, hangedman_feature_mirror,
          kennysheep_diamond
D:7:      layout_loops_ring, nicolae_underground_beach, uniq_pikel
D:8:      layout_layer_cave, nicolae_straight_to_the_point, uniq_maggie,
          uniq_erica
D:9:      layout_rooms, lemuel_round_altar, enter_bailey_3,
          minmay_statue_bubble, uniq_erolcha
D:10:     layout_rooms
D:11:     layout_loops_ring, david_lair_generic
Temple:   nicolae_temple_bog_church

Skill      XL: |  1  2  3  4  5  6  7  8  9 10 11 12 |
---------------+-------------------------------------+-----
Fighting       | 1 2 3 4 5 7 9 11 12 13 | 13.1
Spellcasting   | 4 5 6 7 9 10 | 10.8
Dodging        | |  2.1
Stealth        | |  1.5

Action                   |  1- 3 |  4- 6 |  7- 9 | 10-12 || total
-------------------------+-------+-------+-------+-------++-------
 Cast: Magic Dart        |    32 |     6 |     2 |    34 ||    74
       Shock             |    39 |    96 |   118 |   145 ||   398
       Static Discharge  |       |     5 |       |       ||     5
       Iskenderun's Myst |       |     4 |    43 |    63 ||   110
       Fulminant Prism   |       |       |     4 |    87 ||    91
       Sticky Flame      |       |       |       |     1 ||     1
Invok: Curse Item        |       |       |     1 |     3 ||     4
Evoke: Wand              |       |       |       |     3 ||     3
  Use: Scroll            |       |     6 |     1 |     3 ||    10
Armor: Robe              |     1 |     1 |     3 |     6 ||    11
Dodge: Dodged            |    12 |     7 |    30 |    19 ||    68

Table legend: (Time is in decaauts)
 A = Elapsed time spent in this place.
 B = Non-inter-level travel time spent in this place.
 C = Inter-level travel time spent in this place.
 D = Time resting spent in this place.
 E = Time spent auto-exploring this place.
 F = Levels seen in this place.
 G = Mean time per level.
                   A        B        C        D        E       F      G
               +--------+--------+--------+--------+--------+-----+--------+
         Total |  16350 |  16010 |    340 |   5727 |   8979 |  13 | 1257.7 |
       Dungeon |  14594 |  14268 |    326 |   4836 |   8400 |  11 | 1326.7 |
        Temple |    248 |    234 |     14 |      0 |    213 |   1 |  248.0 |
        Bailey |   1507 |   1507 |      0 |    891 |    366 |   1 | 1507.0 |
               +--------+--------+--------+--------+--------+-----+--------+

Top non-repeatable levels by time:
     D:6: 2510 daAuts
     D:9: 1870 daAuts
     D:4: 1818 daAuts
     D:5: 1512 daAuts
  Bailey: 1507 daAuts
     D:8: 1474 daAuts
     D:7: 1441 daAuts
     D:2: 1274 daAuts
     D:1: 1186 daAuts
     D:3: 747 daAuts
    D:10: 676 daAuts
  Temple: 248 daAuts
    D:11: 80 daAuts
